 Dungeon Crawl Stone Soup version 0.16-a0-2040-g47efe85 (console) character file.

408 Zermako the Cudgeler (level 6, -3/51 HPs)
             Began as a Salamander Fighter on Nov 13, 2014.
             Was a Follower of Makhleb.
             Slain by Pikel
             ... wielding a +2 whip of flaming
              (4 damage)
             ... on level 4 of the Dungeon.
             The game lasted 00:03:10 (2641 turns).

Zermako the Cudgeler (Salamander Fighter)           Turns: 2641, Time: 00:03:10

Health: -3/51      AC:  8    Str: 17    XL:     6   Next: 57%
Magic:  8/8        EV:  6    Int:  8    God:    Makhleb [*.....]
Gold:   138        SH:  8    Dex: 14    Spells: 0 memorised, 5 levels left

rFire  . . .     SeeInvis .     a - +1 flail
rCold  x . .     Clarity  .     b - +0 scale mail
rNeg   . . .     SustAb   .     c - +0 shield
rPois  .         Gourm    .     (no helmet)
rElec  .         Spirit   .     (no cloak)
rCorr  .         Warding  .     (no gloves)
rMut   .         Stasis   .     (no barding)
MR     .....                    (no amulet)
Stlth  ..........               (no ring)
                                (no ring)

@: not resistant to hostile enchantments, extremely unstealthy
A: fiery attack, tough skin 2, cold vulnerability 1
a: Renounce Religion


You were on level 4 of the Dungeon.
You worshipped Makhleb.
Makhleb was aware of your devotion.
You were not hungry.

You visited 1 branch of the dungeon, and saw 4 of its levels.

You collected 138 gold pieces.

Inventory:

Hand weapons
 a - a +1 flail (weapon)
Armour
 b - a +0 scale mail (worn)
 c - a +0 shield (worn)
Magical devices
 e - a wand of digging (14)
Scrolls
 i - a scroll of teleportation
 j - a scroll of identify
Potions
 f - 2 potions of curing
 h - a potion of brilliance {unknown}
 l - a potion of beneficial mutation {unknown}
Comestibles
 d - a slice of pizza
 g - 3 meat rations
 k - a fruit
 m - 4 chunks of flesh


   Skills:
 - Level 3.2 Fighting
 * Level 7.1 Maces & Flails
 - Level 2.4 Armour
 - Level 2.4 Shields


You had 5 spell levels left.
You didn't know any spells.

Dungeon Overview and Level Annotations

Branches:
Dungeon (4/15)
 Temple: D:4-7

Altars:
Elyvilon
Makhleb

Annotations:
D:4 Pikel


Innate Abilities, Weirdness & Mutations

You cannot wear boots.
You have very tough skin (AC +2).
You are vulnerable to cold.


Message History

You block the bat's attack! You block the bat's attack!
The bat barely misses you! The bat hits you but does no damage! x2
The bat hits you but does no damage!
You hammer the bat like a gong!!!
You annihilate the bat!!!
Makhleb roars: ANNIHILATED!
You can now gain health from killing!
Pikel cracks his whip!
Pikel hits you with a runed whip! * * * don't die
* * * Pikel burns you! * * * don't die
* * *
Found a stone staircase leading down!
You crush Pikel but do no damage! Pikel barely misses you!
Your scale mail prevents you from hitting Pikel!
Pikel hits you with a whip of flaming!!! * * * don't die
* * * Pikel burns you! rip

##.........#
##........###
###.#.#####.#
......# #.##
###.#)# #.. ##..#
#.######
##.#####.pp..p#
#.p(.p..##.#K#
#####.#.######.#@#
...p..#[# #.....#
#..p###)# #.....#
..(..##.# #.....#
.?....#.# #......
........# #......#
........# #......#
.........#
#...>..#
..........# ##.


You could see Pikel and a slave.

Vanquished Creatures
  The ghost of Sphara the Poker, a weakling SaFi (D:3)
  An orc priest (D:4)
  3 hounds
  An orc wizard (D:4)
  2 worker ants (D:4)
  4 adders
  4 gnolls (D:3)
  2 worms
  2 oozes
  3 orcs
  2 ball pythons (D:2)
  3 giant cockroaches
  12 hobgoblins
  6 jackals
  7 kobolds
  A quokka (D:3)
  8 bats
  3 giant geckos
  2 giant newts (D:2)
  10 goblins
  7 rats
84 creatures vanquished.

Vanquished Creatures (others)
  3 butterflies (D:3)
3 creatures vanquished.

Grand Total: 87 creatures vanquished

Notes
Turn   | Place    | Note
--------------------------------------------------------------
     0 | D:1      | Zermako, the Salamander Fighter, began the quest for the Orb.
     0 | D:1      | Reached XP level 1. HP: 19/19 MP: 1/1
   225 | D:1      | Reached XP level 2. HP: 20/26 MP: 3/3
   689 | D:2      | Found a white marble altar of Elyvilon.
   697 | D:2      | Reached XP level 3. HP: 31/31 MP: 4/4
   916 | D:2      | Reached skill level 4 in Maces & Flails
  1287 | D:3      | Reached XP level 4. HP: 38/38 MP: 5/5
  1330 | D:3      | Reached skill level 5 in Maces & Flails
  1415 | D:3      | Reached XP level 5. HP: 14/45 MP: 7/7
  1842 | D:3      | Found a burning altar of Makhleb.
  1882 | D:3      | Noticed Sphara's ghost (weakling SaFi)
  1897 | D:3      | Killed Sphara's ghost
  1897 | D:3      | Reached skill level 6 in Maces & Flails
  2337 | D:3      | Became a worshipper of Makhleb the Destroyer
  2438 | D:4      | Reached XP level 6. HP: 49/51 MP: 8/8
  2548 | D:4      | Reached skill level 7 in Maces & Flails
  2615 | D:4      | Noticed a slave
  2616 | D:4      | Noticed a slave
  2617 | D:4      | Noticed a slave
  2618 | D:4      | Noticed Pikel
  2619 | D:4      | Noticed a slave
  2621 | D:4      | OH GOD
  2635 | D:4      | Acquired Makhleb's first power
  2641 | D:4      | HP: 1/51 [Pikel/whip of flaming (8)]
  2641 | D:4      | Slain by Pikel

Action                   |  1- 3 |  4- 6 || total
-------------------------+-------+-------++-------
Melee: Flail             |   171 |   152 ||   323
  Use: Scroll            |       |     4 ||     4
       Potion            |       |     1 ||     1
  Eat: Fruit             |       |     1 ||     1
       Chunk             |       |     2 ||     2
       Bread ration      |       |     1 ||     1
